AoeStats
← RadagastTheBrown

Black Forest

509784059Analyzed
3v3 RM · 4d ago on Sep 28, 2026· 121m 40s· 6 players
Game mode
Random Map
Map size
Normal (6 player)
Population
200
Speed
Normal
Resources
Standard
Victory
Conquest
Starting age
Dark Age
Ending age
Imperial Age
RankedLock teamsTeams togetherTeam positionsShared explorationLock speedFull tech treeHidden civsTurbo modeCheats
Victory
Defeat
🇨🇱 Turks · Chile
821
+16
🇨🇱 Koreans · Chile
793
+17
🇨🇱 Bohemians · Chile
768
+18
🇺🇸 Romans · United States
840
-17
🇺🇸 Turks · United States
827
-17
🇺🇸 Celts · United States
804
-17
d.salasm8
3:30 Loom
10:33 Feudal Age
11:56 Double-Bit Axe
16:31 Stone Mining
19:19 Wheelbarrow
21:26 Castle Age
19:32 Horse Collar
20:19 Gold Mining
22:42 Scale Barding Armor
23:53 Bow Saw
24:26 Forging
26:19 Stone Shaft Mining
25:47 Light Cavalry
26:28 Husbandry
31:06 Heavy Plow
35:01 Iron Casting
36:02 Ballistics
38:16 Imperial Age
38:26 Gold Shaft Mining
38:52 Thumb Ring
38:44 Fletching
39:15 Chain Barding Armor
38:20 Hussar
39:45 Hand Cart
39:51 Bodkin Arrow
41:41 Heavy Cavalry Archer
44:04 Chemistry
43:04 Murder Holes
46:47 Elite Skirmisher
53:33 Bracer
55:40 Siege Engineers
64:04 Eupseong
73:20 Conscription
95:34 Two-Man Saw
Malhuecito
0:26 Loom
13:48 Feudal Age
14:42 Double-Bit Axe
22:18 Castle Age
21:42 Horse Collar
32:41 Imperial Age
30:27 Husbandry
30:57 Fortified Wall
31:32 Wheelbarrow
31:07 Bow Saw
32:00 Bloodlines
32:03 Forging
34:42 Hand Cart
36:13 Ballistics
36:11 Gold Mining
35:55 Heavy Camel Rider
38:09 Scale Barding Armor
39:58 Gold Shaft Mining
50:48 Caravan
51:19 Coinage
51:44 Cavalier
57:11 Stone Mining
58:13 Iron Casting
57:59 Chain Barding Armor
60:29 Artillery
61:06 Heavy Plow
62:17 Plate Barding Armor
78:24 Two-Man Saw
77:57 Conscription
79:04 Blast Furnace
114:47 Spies/Treason
117:41 Treadmill Crane
RON PELOYO
0:47 Loom
12:39 Feudal Age
22:45 Castle Age
21:23 Double-Bit Axe
22:19 Horse Collar
27:57 Bow Saw
33:54 Imperial Age
32:52 Ballistics
32:32 Elite Skirmisher
35:17 Chemistry
36:48 Pikeman
38:37 Wheelbarrow
41:36 Hand Cart
41:25 Heavy Plow
42:27 Two-Man Saw
41:09 Halberdier
44:38 Fortified Wall
44:25 Murder Holes
44:41 Masonry
44:36 Siege Engineers
44:45 Fletching
44:55 Padded Archer Armor
44:56 Scale Mail Armor
45:07 Forging
47:35 Heavy Scorpion
47:35 Houfnice
50:08 Bodkin Arrow
50:28 Leather Archer Armor
51:28 Bracer
51:47 Chain Mail Armor
54:15 Ring Archer Armor
54:17 Plate Mail Armor
55:33 Iron Casting
60:04 Crossbowman
60:48 Arbalester
64:13 Blast Furnace
63:19 Scale Barding Armor
69:13 Caravan
70:05 Elite Hussite Wagon
71:18 Squires
71:04 Arson
71:35 Fishing Lines
74:01 Bombard Tower
74:31 Coinage
AffirmedTurtle
0:27 Loom
13:57 Feudal Age
19:15 Castle Age
18:20 Double-Bit Axe
19:04 Horse Collar
20:12 Fletching
20:14 Fishing Lines
21:51 Elite Skirmisher
23:32 Bodkin Arrow
26:05 Bow Saw
27:33 Wheelbarrow
26:44 Town Watch
27:59 Bloodlines
31:12 Ballistics
32:38 Scale Barding Armor
32:44 Forging
34:34 Pikeman
35:14 Squires
38:56 Imperial Age
36:47 Hand Cart
39:59 Gold Mining
39:51 Halberdier
41:34 Iron Casting
41:00 Scale Mail Armor
42:37 Conscription
42:26 Ballistas
44:08 Blast Furnace
43:23 Chain Mail Armor
43:26 Heavy Plow
42:49 Heavy Scorpion
46:23 Chemistry
50:16 Padded Archer Armor
50:37 Chain Barding Armor
50:30 Masonry
61:58 Plate Barding Armor
61:44 Caravan
67:42 Leather Archer Armor
74:31 Siege Engineers
77:52 Architecture
78:23 Onager
91:53 Capped Ram
92:42 Siege Ram
ultradesk
1:41 Loom
15:40 Feudal Age
23:58 Castle Age
21:47 Horse Collar
21:55 Double-Bit Axe
22:03 Gold Mining
22:18 Fletching
23:24 Town Watch
24:24 Wheelbarrow
26:19 Heavy Plow
27:59 Stone Mining
28:47 Gold Shaft Mining
29:13 Forging
29:03 Scale Mail Armor
30:30 Bow Saw
34:39 Town Patrol
35:01 Hand Cart
42:23 Imperial Age
40:06 Fortified Wall
40:18 Ballistics
39:34 Man-at-Arms
40:29 Light Cavalry
41:10 Husbandry
42:43 Chain Mail Armor
43:04 Iron Casting
42:25 Bodkin Arrow
43:26 Onager
44:47 Hussar
47:29 Long Swordsman
48:40 Cavalier
50:00 Siege Engineers
50:56 Chemistry
51:28 Caravan
51:18 Paladin
54:20 Blast Furnace
53:25 Scale Barding Armor
53:39 Furor Celtica
54:21 Conscription
53:54 Elite Woad Raider
55:11 Masonry
54:37 Two-Handed Swordsman
54:43 Capped Ram
56:12 Siege Onager
58:39 Plate Mail Armor
59:39 Siege Ram
62:21 Champion
62:51 Gambesons
63:32 Chain Barding Armor
70:34 Heavy Scorpion
107:32 Pikeman
RadagastTheBrown
4:41 Loom
12:40 Feudal Age
17:03 Double-Bit Axe
20:52 Castle Age
20:19 Horse Collar
20:33 Gold Mining
20:36 Stone Mining
22:31 Wheelbarrow
28:15 Imperial Age
26:22 Bow Saw
26:46 Fortified Wall
28:05 Fletching
28:37 Ballistics
30:02 Masonry
32:02 Bodkin Arrow
33:58 Artillery
36:05 Scale Barding Armor
36:19 Forging
36:09 Scale Mail Armor
37:05 Conscription
39:44 Bloodlines
39:34 Husbandry
42:34 Elite Janissary
47:18 Iron Casting
46:59 Chain Mail Armor
47:04 Chain Barding Armor
50:15 Architecture
55:25 Bracer
56:25 Blast Furnace
56:02 Plate Barding Armor
66:33 Caravan
67:54 Plate Mail Armor
74:08 Padded Archer Armor
74:32 Sipahi
74:29 Hand Cart
74:10 Treadmill Crane
84:29 Leather Archer Armor
87:48 Squires
87:33 Arson
88:18 Parthian Tactics
87:13 Heavy Cavalry Archer
92:14 Murder Holes
95:15 Town Watch
100:55 Cavalier
116:12 Ring Archer Armor
116:23 Gold Shaft Mining
115:52 Town Patrol
115:41 Fishing Lines
116:12 Medium Warships
115:23 Demolition Ship
115:25 Elite Cannon Galleon
116:38 Coinage
115:44 Demolition Ship
115:45 Elite Cannon Galleon
116:35 Heavy Plow
Connection lost

Rejoining the realm…

Still unreachable

The connection could not be restored.

Session expired

The server has moved on; the page needs a fresh start.